 Dungeon Crawl Stone Soup version 0.30.1-9-gdf580d7c3d (webtiles) character file.

Game seed: 2138998540530406899

53165 dwqdq the Zephyrmancer (level 13, -1/129 HPs)
             Began as a Demigod Air Elementalist on Oct 11, 2023.
             Slain by a deep troll (8 damage)
             ... on level 12 of the Dungeon.
             The game lasted 00:52:57 (31026 turns).

dwqdq the Zephyrmancer (Demigod Air Elementalist)  Turns: 31026, Time: 00:52:58

Health: -1/129     AC: 11    Str: 17    XL:     13   Next: 97%
Magic:  22/33      EV: 12    Int: 31    God:
Gold:   1265       SH:  0    Dex: 14    Spells: 14/35 levels left

rFire   + . .        z - staff of air "Etueck" {+Blink rElec Str+4}
rCold   . . .        (no shield)
rNeg    + . .        O - +0 leather armour {rF+}
rPois   +            m - +2 hat {Will+}
rElec   +            D - +1 cloak
rCorr   +            d - +2 pair of gloves
SInv    +            C - +0 pair of boots of Peek-a-Boo {rPois Will+ Int+2 SInv}
Will    +++..        (no amulet) Stlth
                     I - ring of positive energy
HPRegen 0.41/turn    E - ring of resist corrosion
MPRegen 0.23/turn

%: clarity
@: berserking, unable to read, very quick
A: high MP 1, forlorn, divine attributes, antennae 1, clarity, inability to read
after injury 1
a: Evoke Blink


You were on level 12 of the Dungeon.
You visited 3 branches of the dungeon, and saw 19 of its levels.
You also visited: Bailey.

You collected 1284 gold pieces.
You spent 19 gold pieces at shops.

Inventory:

Hand Weapons
 k - a +1 short sword of flaming
Missiles
 r - 2 throwing nets
Armour
 a - a +0 robe
 d - a +2 pair of gloves (worn)
 e - a +0 leather armour of poison resistance
 m - a +2 hat of willpower (worn)
 C - the +0 pair of boots of Peek-a-Boo (worn) {rPois Will+ Int+2 SInv}
   (You acquired it on level 5 of the Lair of Beasts)

   Int:       It affects your intelligence (+2).
   rPois:     It protects you from poison.
   SInv:      It lets you see invisible.
   Will:      It increases your willpower.
 D - a +1 cloak (worn)
 G - +0 steam dragon scales
 O - a +0 leather armour of fire resistance (worn)
Magical Staves
 z - the staff of air "Etueck" (weapon) {+Blink rElec Str+4}
   (You acquired it in a bailey)

   [staff of air]

   Base accuracy: +5 Base damage: 5 Base attack delay: 1.2 This weapon's minimum
   attack delay (0.6) is reached at skill level 12.
   Str:       It affects your strength (+4).
   rElec:     It insulates you from electricity.
   +Blink:    It lets you blink.
   It falls into the 'Staves' category.
   It is a one-handed weapon.
Jewellery
 E - a ring of resist corrosion (right hand)
 F - a ring of fire
 I - a ring of positive energy (left hand)
Wands
 j - a wand of polymorph (30)
 x - a wand of acid (5)
 y - a wand of flame (71)
 H - a wand of charming (7)
 R - a wand of iceblast (4)
Scrolls
 h - a scroll of magic mapping
 l - 3 scrolls of silence
 q - 4 scrolls of teleportation
 s - 3 scrolls of blinking
 t - 3 scrolls of enchant weapon
 v - 2 scrolls of fog
 B - a scroll of vulnerability
 L - 6 scrolls of immolation
 M - 2 scrolls of torment
 P - a scroll of amnesia
 Q - a scroll of poison
Potions
 b - 4 potions of haste
 c - 5 potions of curing
 f - 4 potions of brilliance
 g - 2 potions of lignification
 i - a potion of flight
 n - a potion of might
 o - a potion of invisibility {unknown}
 p - a potion of cancellation
 w - 2 potions of resistance
 A - 3 potions of ambrosia


   Skills:
 - Level 3.0 Armour
 - Level 2.1 Dodging
 - Level 2.1 Stealth
 + Level 11.7 Spellcasting
 - Level 10.2 Conjurations
 - Level 7.1 Transmutations
 - Level 4.0 Fire Magic
 * Level 14.7 Air Magic


You had 14 spell levels left.
You knew the following spells:

 Your Spells              Type           Power      Damage    Failure   Level
a - Shock                 Conj/Air       100%       1d9       1%          1
b - Static Discharge      Conj/Air       100%       2-7/arc   1%          2
c - Swiftness             Air            100%       N/A       1%          3
d - Airstrike             Air            52%        2d(8-24)  1%          4
e - Irradiate             Conj/Tmut      32%        3d22      2%          5
f - Plasma Beam           Fire/Air       43%        2x1d62    11%         6

Your spell library contained the following spells:

 Spells                   Type           Power      Damage    Failure   Level
 Foxfire                  Conj/Fire      100%       2x1d9     1%          1
 Sting                    Tmut/Pois      100%       1d8       1%          1
 Poisonous Vapours        Pois/Air       100%       N/A       1%          2
 Mephitic Cloud           Conj/Pois/Air  81%        N/A       1%          3
 Sticky Flame             Conj/Fire      58%        2d7       1%          4
 Ignite Poison            Fire/Tmut/Pois 41%        N/A       2%          3
 Apportation              Tloc           36%        N/A       3%          1
 Necrotise                Necr           72%        1d7       3%          1
 Slow                     Hex            72%        N/A       3%          1
 Summon Small Mammal      Summ           72%        N/A       3%          1
 Freezing Cloud           Conj/Ice/Air   40%        6-21      3%          5
 Lesser Beckoning         Tloc           36%        N/A       4%          2
 Sublimation of Blood     Necr           18%        N/A       4%          2
 Blade Hands              Tmut           29%        N/A       4%          5
 Fireball                 Conj/Fire      29%        3d13      4%          5
 Petrify                  Tmut/Erth      40%        N/A       8%          4
 Call Canine Familiar     Summ           18%        N/A       10%         3
 Confusing Touch          Hex            18%        N/A       10%         3
 Gell's Gravitas          Tloc           18%        N/A       10%         3
 Portal Projectile        Hex/Tloc       36%        N/A       10%         3
 Summon Guardian Golem    Hex/Summ       18%        N/A       10%         3
 Teleport Other           Tloc           18%        N/A       10%         3
 Tukima's Dance           Hex            18%        N/A       10%         3
 Vampiric Draining        Necr           18%        2d7       10%         3
 Starburst                Conj/Fire      29%        6d9       26%         6
 Leda's Liquefaction      Hex/Erth       9%         N/A       32%         4
 Olgreb's Toxic Radiance  Pois           18%        N/A       32%         4
 Agony                    Necr           18%        N/A       65%         5
 Ignition                 Fire           21%        3d8       100%        8


Dungeon Overview and Level Annotations

Branches:
Dungeon (13/15)            Temple (0/1) D:7            Lair (5/5) D:10
 Shoals (0/4) Lair:2       Spider (0/4) Lair:2        Slime (0/5) Lair:4
    Orc (1/2) D:12         Bailey (visited)
 Vaults: D:13-14

Shops:
D:3 (   D:4 (   D:11 *

Annotations:
D:5 2 transporters, kaesle's ghost, novice HOFi
Lair:2 1 runed translucent door, SuperSeabass's ghost, journeyman VSEn


Innate Abilities, Weirdness & Mutations

You have an increased reservoir of magic. (+10% MP)
You shall have no god before yourself.
Your divine heritage dramatically boosts your attributes as you level up.
You have a pair of small antennae on your head.
You possess an exceptional clarity of mind.
You occasionally lose the ability to read scrolls when taking damage.


Message History

Casting: Plasma Beam (dangerous; 11% risk of failure)
Press: ? - help, Dir - look around, f - activate You feel a surge of power!
The bolt of lightning hits the orc high priest!!
The orc high priest is heavily wounded.
The fiery plasma hits the orc high priest!!
The orc high priest is almost dead.
The deep troll bites you!! The deep troll misses you. The deep troll claws you!
Casting: Plasma Beam (dangerous; 11% risk of failure)
Confirm with . or Enter, or press ? or * to list all spells.
Casting: Plasma Beam (dangerous; 11% risk of failure)
Press: ? - help, Dir - look around, f - activate You feel a surge of power!
The bolt of lightning misses the orc high priest.
The fiery plasma hits the orc high priest.
You kill the orc high priest!
The deep troll bites you but does no damage.
The deep troll closely misses you. The deep troll claws you.
The deep troll bites you!
You feel threatened and lose the ability to read scrolls!
* * * LOW HITPOINT WARNING * * *
The deep troll claws you!
* * * LOW HITPOINT WARNING * * *
The deep troll claws you.
* * * LOW HITPOINT WARNING * * *
You climb upwards.
Welcome back to the Dungeon!
There is a staircase to the Orcish Mines, spattered with blood here.
You cannot read scrolls in your current state!
Okay, then.
Aiming: Charm
Press: ? - help, Shift-Dir - straight line, f - deep troll
Aim: a deep troll (chance to affect: 31%)
Okay, then.
Okay, then.
Okay, then.
Okay, then.
You cannot read scrolls in your current state!
A red film seems to cover your vision as you go berserk!
You feel yourself moving faster!
You feel mighty! The deep troll bites you!
You die...

#####...#####..###.#.##......#
#.##...#..#.....#.#..).##....#
#.####...#.##.##))###.########
#.##.#.##...#..##.))....#
#.###.....#.#.#.))###..####
#.##...#..#...###)##.####.#
###'##.#.##..##..#)#.###.##.#
##...##.#...#.##.T....##...#.##
.'...##.##.#..#.@)##..#..###..#
##...###.#.#....)#.#..#...###.#
#...##.#.#.#..#.#.)....### #.#
#......#.#......###..#...# #.#
#[..#..###...#.##.#.#.##.# #.#
##'####......###....###..# #.#
#.# #####.## ###.###..## #.#
#.# ### ##### ##.# #.# #.#
#######.### #.####.###


You could see a deep troll.

Vanquished Creatures
  Frances (D:12)
  Gastronok (D:10)
  Josephine (D:12)
  A hydra (Lair:4)
  2 catoblepae (Lair:4)
  6 two-headed ogres
  An orc high priest (Orc:1)
  Sonja (Lair:2)
  A skyshark (Lair:3)
  A swamp dragon (Lair:5)
  Pikel (D:7)
  3 orc knights
  2 ugly things (D:12)
  An oklob plant (Lair:4)
  3 cyclopes
  A manticore (Lair:2)
  Maurice (D:9)
  7 elephants (Lair:4)
  3 black mambas
  2 unseen horrors
  2 gargoyles
  8 cane toads
  3 rime drakes
  12 komodo dragons
  A troll (Orc:1)
  A wind drake (Lair:2)
  6 polar bears
  9 blink frogs
  A hornet (Lair:2)
  Grinder (D:5)
  A raiju (Lair:5)
  5 dream sheep
  7 slime creatures
  Sigmund (D:6)
  2 jumping spiders (Lair:2)
  A shadow (D:12)
  2 wyverns
  5 wraiths (D:12)
  2 basilisks
  5 steam dragons
  25 yaks
  2 redbacks (Lair:2)
  8 vampire mosquitoes
  Menkaure (D:5)
  6 wargs
  2 acid dragons
  12 hell hounds (Lair:5)
  12 water moccasins
  11 orc warriors
  2 sky beasts
  3 swamp drakes (Lair:5)
  An ice beast (D:8)
  12 black bears
  6 ogres
  16 wolves
  5 centaurs
  3 lemures (D:7)
  3 kobold brigands
  14 bullfrogs
  3 gnoll sergeants
  3 scorpions
  8 wights
  4 killer bees (D:11)
  An electric eel (Lair:1)
  A gnoll bouda (D:6)
  A jelly (D:5)
  Crazy Yiuf (D:7)
  5 orc priests
  A hound (D:6)
  13 iguanas
  Ijyb (D:5)
  17 orc wizards
  12 gnolls
  12 adders
  15 white imps
  An ufetubus (D:4)
  2 worms
  3 dart slugs
  68 orcs
  3 endoplasms
  2 giant cockroaches (D:3)
  4 hobgoblins
  4 jackals (D:5)
  16 kobolds
  5 quokkas
  7 ball pythons
  4 bats
  4 frilled lizards
  14 goblins
  19 rats
513 creatures vanquished.

Vanquished Creatures (collateral kills)
  A fire dragon (Lair:5)
  A hydra (Lair:5)
  4 polar bears (Lair:5)
  A warg (Lair:5)
  A hell hound (Lair:5)
  A black bear (Lair:5)
9 creatures vanquished.

Vanquished Creatures (others)
  A hell hound (Lair:5)
  A wolf (Lair:5)
2 creatures vanquished.

Grand Total: 524 creatures vanquished

Notes
Turn   | Place    | Note
-------+----------+-------------------------------------------
     0 | D:1      | dwqdq the Demigod Air Elementalist began the quest for the
                  | Orb.
     0 | D:1      | Reached XP level 1. HP: 14/14 MP: 5/5
    29 | D:1      | Reached skill level 1 in Conjurations
   555 | D:1      | Reached XP level 2. HP: 20/20 MP: 5/7
   558 | D:1      | Learned a level 2 spell: Static Discharge
  1241 | D:2      | Reached skill level 3 in Air Magic
  1932 | D:2      | Reached XP level 3. HP: 23/26 MP: 2/8
  1936 | D:2      | Learned a level 3 spell: Swiftness
  2739 | D:2      | Reached XP level 4. HP: 30/33 MP: 6/10
  3716 | D:3      | Reached skill level 1 in Transmutations
  3966 | D:3      | Found Toups's Weapon Emporium.
  4023 | D:3      | Noticed a shadow
  4284 | D:4      | Reached XP level 5. HP: 36/38 MP: 4/12
  4528 | D:4      | Noticed an ogre
  4545 | D:4      | Killed an ogre
  4546 | D:4      | Reached skill level 4 in Air Magic
  4971 | D:4      | Found Deckorhaca's Weapon Boutique.
  5024 | D:4      | Reached XP level 6. HP: 45/45 MP: 7/13
  5372 | D:4      | Learned a level 4 spell: Airstrike
  5709 | D:5      | Entered Level 5 of the Dungeon
  5871 | D:5      | Noticed Grinder
  5874 | D:5      | Killed Grinder
  5875 | D:5      | Reached XP level 7. HP: 50/50 MP: 2/16
  6097 | D:5      | Noticed Menkaure
  6099 | D:5      | Killed Menkaure
  6104 | D:5      | Noticed Ijyb
  6110 | D:5      | Killed Ijyb
  6171 | D:5      | Reached skill level 5 in Air Magic
  6369 | D:5      | Found a transporter.
  6374 | D:5      | Found a transporter.
  6480 | D:5      | Noticed kaesle's ghost (novice HOFi)
  6920 | D:6      | Reached XP level 8. HP: 57/57 MP: 12/18
  6966 | D:6      | Noticed Sigmund
  6973 | D:6      | Killed Sigmund
  7464 | D:6      | Reached skill level 5 in Conjurations
  7467 | D:6      | Reached skill level 5 in Spellcasting
  7887 | D:6      | Noticed an angel
  8051 | D:6      | Reached skill level 6 in Air Magic
  8159 | D:6      | Noticed a cyclops
  8617 | D:6      | Killed a cyclops
  8618 | D:6      | Reached skill level 5 in Transmutations
  8618 | D:6      | Reached XP level 9. HP: 29/62 MP: 20/20
  8884 | D:6      | Learned a level 5 spell: Irradiate
  8952 | D:7      | Found a staircase to the Ecumenical Temple.
  9052 | D:7      | Noticed a gargoyle
  9056 | D:7      | Killed a gargoyle
  9057 | D:7      | Reached skill level 1 in Armour
  9085 | D:7      | Noticed Pikel
  9095 | D:7      | Killed Pikel
  9242 | D:7      | Identified a scroll of acquirement
  9242 | D:7      | Acquired a book of Fire
  9377 | D:7      | Reached skill level 7 in Air Magic
  9394 | D:7      | Found a flagged portal.
  9406 | Bailey   | Entered a bailey
 10190 | Bailey   | Noticed an orc knight
 10402 | Bailey   | Killed an orc knight
 10403 | Bailey   | Reached XP level 10. HP: 69/69 MP: 5/23
 10684 | Bailey   | Noticed an orc knight
 10688 | Bailey   | Killed an orc knight
 10796 | Bailey   | Acquired the staff of air "Etueck" {+Blink rElec Str+4}
 10984 | D:7      | Found a runed translucent door.
 10985 | D:7      | Noticed Crazy Yiuf
 11387 | D:7      | Killed Crazy Yiuf
 12753 | D:9      | Reached skill level 8 in Air Magic
 12821 | D:9      | Noticed a two-headed ogre
 12824 | D:9      | Killed a two-headed ogre
 13245 | D:9      | Noticed a two-headed ogre
 13256 | D:9      | Killed a two-headed ogre
 13632 | D:9      | Noticed Maurice
 13637 | D:9      | Killed Maurice
 14282 | D:10     | Entered Level 10 of the Dungeon
 14320 | D:10     | Reached XP level 11. HP: 68/74 MP: 13/26
 14498 | D:10     | Noticed Gastronok
 14508 | D:10     | Killed Gastronok
 14509 | D:10     | Reached skill level 1 in Fire Magic
 14511 | D:10     | HP: 1/74 [acid dragon/splash of acid (33)]
 15042 | D:10     | Reached skill level 9 in Air Magic
 15192 | D:10     | Found a staircase to the Lair.
 15798 | D:11     | Found Xyetio's Assorted Antiques.
 15807 | D:11     | Bought a fuming brown potion for 19 gold pieces
 15830 | D:11     | Noticed a two-headed ogre
 15834 | D:11     | Killed a two-headed ogre
 15977 | D:11     | Noticed a two-headed ogre
 15977 | D:11     | You fall into a shaft and drop 2 floors!
 16880 | D:11     | Killed a two-headed ogre
 17143 | D:11     | Noticed a two-headed ogre
 17153 | D:11     | Killed a two-headed ogre
 17580 | Lair:1   | Entered Level 1 of the Lair of Beasts
 19016 | Lair:2   | Noticed Sonja
 19018 | Lair:2   | Killed Sonja
 19099 | Lair:2   | Reached skill level 10 in Air Magic
 19099 | Lair:2   | Reached XP level 12. HP: 81/81 MP: 1/29
 19605 | Lair:2   | Found a hole to the Spider Nest.
 20036 | Lair:2   | Found a staircase to the Shoals.
 20286 | Lair:2   | Reached skill level 10 in Conjurations
 20396 | Lair:2   | Found a runed translucent door.
 20399 | Lair:2   | Noticed SuperSeabass's ghost (journeyman VSEn)
 20400 | Lair:2   | Identified the ring of Zasus {+Blink rF+ Str+6 Int+3}
 20402 | Lair:2   | Identified the +2 spear "Seanwu" {heavy, rPois Will+
                  | Stlth+}
 21699 | Lair:3   | You fall into a shaft and drop 2 floors!
 21699 | Lair:5   | Entered Level 5 of the Lair of Beasts
 21703 | Lair:5   | Reached skill level 11 in Air Magic
 22069 | Lair:4   | Reached skill level 10 in Spellcasting
 22818 | Lair:4   | Noticed a four-headed hydra
 22822 | Lair:4   | Noticed a catoblepas
 22823 | Lair:4   | Killed a four-headed hydra
 22824 | Lair:4   | Reached skill level 12 in Air Magic
 22830 | Lair:4   | Killed a catoblepas
 23325 | Lair:3   | Reached XP level 13. HP: 76/86 MP: 6/32
 23970 | Lair:4   | Found a staircase to the Slime Pits.
 25893 | Lair:5   | Reached skill level 13 in Air Magic
 28352 | Lair:5   | Acquired the +0 pair of boots of Peek-a-Boo {rPois Will+
                  | Int+2 SInv}
 28652 | D:12     | Reached skill level 14 in Air Magic
 28679 | D:12     | Found a staircase to the Orcish Mines.
 29225 | D:12     | Noticed Frances
 29236 | D:12     | Gained mutation: You are dopey. (Int -2) [mutagenic glow]
 29240 | D:12     | Killed Frances
 29266 | D:12     | Gained mutation: You have hidden genetic defects.
                  | [mutagenic glow]
 29284 | D:12     | Gained mutation: You occasionally lose the ability to drink
                  | potions when taking damage. [mutagenic glow]
 29465 | D:12     | Lost mutation: You are dopey. (Int -2) [potion of mutation]
 29465 | D:12     | Lost mutation: You occasionally lose the ability to drink
                  | potions when taking damage. [potion of mutation]
 29465 | D:12     | Gained mutation: You have a pair of small antennae on your
                  | head. [potion of mutation]
 29465 | D:12     | Gained mutation: You possess an exceptional clarity of
                  | mind. [potion of mutation]
 29465 | D:12     | Gained mutation: You occasionally lose the ability to read
                  | scrolls when taking damage. [potion of mutation]
 29571 | D:12     | Learned a level 6 spell: Plasma Beam
 29623 | D:12     | Noticed Josephine
 29933 | D:12     | Killed Josephine
 30499 | Orc:1    | Entered Level 1 of the Orcish Mines
 30525 | D:12     | Lost mutation: You have hidden genetic defects. [mutagenic
                  | glow]
 31024 | Orc:1    | HP: 4/86 [deep troll (5)]
 31026 | D:12     | Slain by a deep troll

Illustrated notes

Levels and vault maps discovered:
D:1:      amcnicky_arrival_feature_with_door, layout_basic, serial_glass,
          glass_columns_b, glass_columns_c, glass_columns_a, glass_columns_c,
          glass_columns_a, glass_columns_a, glass_columns_a, glass_columns_a,
          minmay_strange_pillars, item_on_display_a
D:2:      layout_loops_corners, basic_altar, kennysheep_flooded_box
D:3:      layout_loops_ring, riverfiend_overflow_shadow_ancestor,
          mainiacjoe_overflow_catwalk, serial_shops, shop, serial_glass,
          glass_columns_c, glass_columns_b, grunt_decor_cap, dk_noncrumbling_4,
          kennysheep_generic_room_12
D:4:      layout_loops_cross, serial_shops,
          nicolae_shop_temple_entry_statues_fountains, nicolae_hexahallways,
          minmay_rat_hole
D:5:      layout_rooms, lightli_temple_of_fire,
          chequers_temple_overflow_statue_of_worship, gammafunk_ghost_hive,
          uniq_ijyb, uniq_grinder, uniq_menkaure
D:6:      minmay_chambers_of_fours, layout_rooms, lemuel_coloured_pillars_altar,
          zin_angel, minmay_ogre_servants, uniq_sigmund
D:7:      layout_rooms, tgw_sif, hangedman_ru_absence, temple_statues,
          enter_bailey_1, uniq_crazy_yiuf_cottage, uniq_pikel
D:8:      layout_cave_pools, mainiacjoe_overflow_surrounded_room,
          blue_anna_alchemist
D:9:      layout_roguey, serial_rivers, chequers_serial_rivers_micro_d,
          chequers_serial_rivers_small_a, chequers_serial_rivers_room_a,
          chequers_serial_rivers_micro_a, chequers_serial_rivers_marsh,
          uniq_maurice
D:10:     layout_basic, lair_entry_dummy, uniq_gastronok
D:11:     layout_rooms, serial_shops, shop, grunt_ministairs_11
D:12:     layout_roguey, erik_orc_3, minmay_misc_feat_rows,
          corexii_hall_statues_x, chequers_serial_rivers_large_a,
          uniq_josephine, uniq_frances
D:13:     layout_loops_ring, uniq_urug
Lair:1:   layout_cave_pods, minivault_19, infiniplex_staircase_pool
Lair:2:   layout_misc_corridors, minmay_shoals_entry_beasts,
          spider_nest_entry_funnel_web, ebering_ghost_funeral_grove, uniq_sonja
Lair:3:   layout_cave_pods, portal_ice_cave_entry_imps, serial_bayou_shore_b,
          serial_bayou_shore_b
Lair:4:   layout_gridlike, slime_entry_1
Lair:5:   hangedman_lair_caniforms_friends, layout_long_grid,
          guppyfry_lair_end_dragon, basic_altar, minivault_11,
          grunt_megastairs_5, lemuel_fruit_fields
Orc:1:    layout_diamond_mine, guppyfry_orc_lava_fort

Skill      XL: |  1  2  3  4  5  6  7  8  9 10 11 12 13 |
---------------+----------------------------------------+-----
Conjurations   | 1 2 3 4 5 6 8 9 10 | 10.2
Spellcasting   | 2 3 4 5 6 7 9 10 11 | 11.7
Air Magic      | 3 4 5 6 7 8 10 12 14 | 14.7
Dodging        | 2 |  2.1
Stealth        | 2 |  2.1
Transmutations | 1 2 3 5 6 7 |  7.1
Armour         | 3 |  3.0
Fire Magic     | 4 |  4.0

Action                     |  1- 3 |  4- 6 |  7- 9 | 10-12 | 13-15 || total
---------------------------+-------+-------+-------+-------+-------++-------
  Melee: Dagger            |    12 |       |       |       |       ||    12
         Short sword       |     5 |    30 |    34 |     3 |       ||    72
         Punch             |       |       |     1 |       |     1 ||     2
         Staff             |       |       |       |    44 |    37 ||    81
   Cast: Shock             |    65 |    72 |    36 |    10 |     5 ||   188
         Static Discharge  |    13 |    16 |    25 |    36 |    11 ||   101
         Swiftness         |       |     3 |     2 |     8 |     5 ||    18
         Airstrike         |       |     6 |    83 |   229 |   139 ||   457
         Irradiate         |       |       |       |    57 |    47 ||   104
         Plasma Beam       |       |       |       |       |     5 ||     5
  Evoke: Wand              |       |       |     8 |    16 |     6 ||    30
    Use: Potion            |     2 |       |     6 |     1 |     9 ||    18
         Scroll            |       |     6 |     8 |    13 |    11 ||    38
   Stab: Sleeping          |       |       |     2 |     1 |       ||     3
 Armour: Robe              |     8 |    12 |     7 |       |       ||    27
         Leather armour    |       |       |     8 |    73 |    62 ||   143
  Dodge: Dodged            |    29 |    30 |    34 |   123 |    86 ||   302
